[Event "NOR-ch Various 2019"]
[Site "Larvik"]
[Date "2019.07.06"]
[Round "1.1"]
[White "Mella, Aage"]
[Black "Strand, Kjetil"]
[Result "0-1"]
[ECO "A25"]
[WhiteElo "1699"]
[BlackElo "2035"]
[Annotator "NA"]
[PlyCount "96"]
[EventDate "2019.07.06"]
[EventType "swiss"]
[EventCountry "NOR"]
[SourceTitle "playchess.com"]
[Source "ChessBase"]
[SourceQuality "1"]
[TimeControl "40/5400+30:1800+30"]

1. c4 e5 2. e3 Nf6 3. a3 Nc6 4. Nc3 Be7 5. Nd5 d6 6. Ne2 O-O 7. Nec3 Re8 8. Be2 Bf8 9. Nxf6+ Qxf6 10. Nd5 Qd8 11. O-O Ne7 12. b4 Ng6 13. Bb2 c6 14. Nc3 d5 15. d4 Qg5 16. g3 Bh3 17. f4 exf4 18. exf4 Qf6 19. Rf2 Rad8 20. cxd5 cxd5 21. Bf3 Ne7 22. Qd2 g6 23. Re1 Bg7 24. Nxd5 Nxd5 25. Rxe8+ Rxe8 26. Bxd5 Qe7 27. Bg2 Bf5 28. Bf3 Rc8 29. Re2 Qd7 30. Be4 Bxe4 31. Rxe4 Qd5 32. Qe2 Bf6 33. Re8+ Rxe8 34. Qxe8+ Kg7 35. Qe3 h5 36. h3 Qa2 37. Qc3 Qb1+ 38. Kh2 Qd1 39. Kg2 Qe2+ 40. Kg1 b5 41. Qc1 a6 42. Qc3 h4 43. g4 Kh7 44. Ba1 Qe4 45. Qd2 Qb1+ 46. Kg2 Qxa1 47. f5 Qxa3 48. fxg6+ fxg6 0-1

[Event "NOR-ch Various 2019"]
[Site "Larvik"]
[Date "2019.07.06"]
[Round "1.2"]
[White "Stake-Larsen, Gunnar"]
[Black "Habberstad, Odd"]
[Result "1-0"]
[ECO "A53"]
[WhiteElo "1976"]
[BlackElo "1694"]
[Annotator "NA"]
[PlyCount "53"]
[EventDate "2019.07.06"]
[EventType "swiss"]
[EventCountry "NOR"]
[SourceTitle "playchess.com"]
[Source "ChessBase"]
[SourceQuality "1"]
[TimeControl "40/5400+30:1800+30"]

1. d4 Nf6 2. c4 d6 3. Nc3 e5 4. dxe5 dxe5 5. Qxd8+ Kxd8 6. Nf3 Nbd7 7. Bg5 c6 8. O-O-O Kc7 9. e3 Bb4 10. Na4 Re8 11. a3 Bf8 12. Bh4 Ne4 13. Bd3 Ndc5 14. Nxc5 Nxc5 15. Bc2 Bg4 16. h3 Bxf3 17. gxf3 g6 18. Rd2 a5 19. Rhd1 a4 20. Bf6 Rac8 21. Kb1 Kb8 22. Bd8 b5 23. cxb5 cxb5 24. Bh4 Kb7 25. Rd5 Kb6 26. Bf6 Rc6 27. Bxe5 1-0

[Event "NOR-ch Various 2019"]
[Site "Larvik"]
[Date "2019.07.06"]
[Round "1.3"]
[White "Kyrkjebo, Eirik"]
[Black "Steinskog, Tom"]
[Result "1-0"]
[ECO "C62"]
[WhiteElo "1598"]
[BlackElo "1454"]
[Annotator "NA"]
[PlyCount "32"]
[EventDate "2019.07.06"]
[EventType "swiss"]
[EventCountry "NOR"]
[SourceTitle "playchess.com"]
[Source "ChessBase"]
[SourceQuality "1"]
[TimeControl "40/5400+30:1800+30"]

1. e4 e5 2. Nf3 Nc6 3. Nc3 Nf6 4. Bb5 d6 5. d4 exd4 6. Nxd4 Bd7 7. Bxc6 bxc6 8. Qf3 c5 9. Nf5 g6 10. Nh6 Bxh6 11. Bxh6 Ng4 12. Bf4 O-O 13. h3 Nf6 14. Bg5 Kg7 15. Nd5 Qb8 16. Qxf6+ Kg8 1-0

[Event "NOR-ch Various 2019"]
[Site "Larvik"]
[Date "2019.07.06"]
[Round "1.4"]
[White "Ringstad, Kjell"]
[Black "Tidemann-Andersen, Leif"]
[Result "1-0"]
[ECO "C55"]
[WhiteElo "1450"]
[BlackElo "1587"]
[Annotator "NA"]
[PlyCount "109"]
[EventDate "2019.07.06"]
[EventType "swiss"]
[EventCountry "NOR"]
[SourceTitle "playchess.com"]
[Source "ChessBase"]
[SourceQuality "1"]
[TimeControl "40/5400+30:1800+30"]

1. e4 e5 2. Nf3 Nc6 3. Bc4 Bc5 4. Nc3 Nf6 5. h3 O-O 6. a3 d6 7. O-O Nd4 8. Re1 c6 9. Na4 Nxf3+ 10. Qxf3 Bd4 11. Nc3 b5 12. Bb3 a5 13. Ne2 Bb6 14. d3 h6 15. Be3 Bb7 16. Ng3 Bxe3 17. Rxe3 Qc7 18. Nf5 Kh7 19. Qg3 Rg8 20. Qh4 Bc8 21. Nxh6 gxh6 22. Qxf6 Ra7 23. Rf3 Rg7 24. Qh4 f5 25. exf5 d5 26. g4 Rg5 27. Kh1 Qf7 28. Re1 Qf6 29. c3 h5 30. Rfe3 Rxf5 31. Qxf6 Rxf6 32. f3 hxg4 33. hxg4 Raf7 34. Bd1 d4 35. Rxe5 Rf4 36. Re7 Kg7 37. Rxf7+ Kxf7 38. Re4 Rxe4 39. dxe4 d3 40. Kg2 a4 41. Kf2 c5 42. c4 bxc4 43. Bxa4 Kf6 44. Bb5 Be6 45. Ke3 Ke7 46. a4 Kd8 47. g5 Kc7 48. f4 Kb6 49. f5 Bg8 50. g6 Ka5 51. f6 Kb4 52. f7 Bxf7 53. gxf7 Kb3 54. f8=Q Kxb2 55. Bxc4 1-0

[Event "NOR-ch Various 2019"]
[Site "Larvik"]
[Date "2019.07.06"]
[Round "1.5"]
[White "Madsen, Morten L"]
[Black "Sorensen, Simen"]
[Result "0-1"]
[ECO "B21"]
[WhiteElo "1863"]
[BlackElo "1979"]
[Annotator "NA"]
[PlyCount "124"]
[EventDate "2019.07.06"]
[EventType "swiss"]
[EventCountry "NOR"]
[SourceTitle "playchess.com"]
[Source "ChessBase"]
[SourceQuality "1"]
[TimeControl "40/5400+30:1800+30"]

1. e4 c5 2. d4 cxd4 3. c3 dxc3 4. Nxc3 Nc6 5. Nf3 e6 6. Bc4 a6 7. O-O d6 8. Qe2 Nf6 9. Rd1 Qc7 10. Bf4 Ne5 11. Bb3 Be7 12. Rac1 Qb8 13. Nd4 O-O 14. Bg3 Nc6 15. Nxc6 bxc6 16. e5 Nd5 17. Ne4 dxe5 18. Rxc6 Bb7 19. Rcc1 Rc8 20. Rxc8+ Bxc8 21. Bxd5 exd5 22. Rxd5 f6 23. Nc5 Qb5 24. Qxb5 axb5 25. a3 b4 26. f4 bxa3 27. bxa3 Ra5 28. Kf1 Rxc5 29. Rxc5 Bxc5 30. fxe5 Ba6+ 31. Ke1 fxe5 32. Bxe5 Bxa3 33. Bd4 Bd6 34. g3 Kf7 35. Kf2 g5 36. Be3 Kg6 37. Bd4 Kf5 38. Bb6 Bb7 39. Ba7 h5 40. Bb6 Kg4 41. Bd4 h4 42. gxh4 Kxh4 43. Bf6 Bxh2 44. Bxg5+ Kxg5 45. Ke3 Be5 46. Kd3 Bd5 47. Ke3 Kf5 48. Kd3 Kf4 49. Kd2 Ke4 50. Ke2 Bd4 51. Kd2 Bc4 52. Kc2 Ke3 53. Kd1 Bd3 54. Kc1 Bc3 55. Kd1 Kd4 56. Kc1 Kc4 57. Kd1 Kb3 58. Kc1 Be2 59. Kb1 Bd2 60. Ka1 Be3 61. Kb1 Bd3+ 62. Ka1 Bd4# 0-1

[Event "NOR-ch Various 2019"]
[Site "Larvik"]
[Date "2019.07.06"]
[Round "1.6"]
[White "Kvendseth, Cornelius"]
[Black "Kyrkjebo, Marte B."]
[Result "1/2-1/2"]
[ECO "D02"]
[WhiteElo "1964"]
[BlackElo "1860"]
[Annotator "NA RC"]
[PlyCount "149"]
[EventDate "2019.07.06"]
[EventType "swiss"]
[EventCountry "NOR"]
[SourceTitle "playchess.com"]
[Source "ChessBase"]
[SourceQuality "1"]
[TimeControl "40/5400+30:1800+30"]

1. Nf3 Nf6 2. d4 e6 3. Bf4 c5 4. c3 b6 5. e3 Bb7 6. Nbd2 Be7 7. Bd3 d5 8. O-O O-O 9. Re1 Nbd7 10. Ng5 h6 11. Nh3 Re8 12. f3 Nf8 13. Rc1 Nh5 14. Bb1 Nxf4 15. Nxf4 Bf6 16. Nd3 Nd7 17. dxc5 bxc5 18. e4 Qb6 19. Qc2 c4+ 20. Nf2 g6 21. g3 Nc5 22. Kg2 Bg7 23. b3 cxb3 24. axb3 dxe4 25. Nfxe4 Red8 26. Nxc5 Qxc5 27. Ne4 Qc6 28. Qe2 Qb6 29. b4 Rac8 30. Nc5 Ba8 31. Be4 Bxe4 32. Nxe4 Rc7 33. Rc2 Rdc8 34. Rec1 Rc6 35. Qd2 Rd8 36. Qe1 Bf8 37. Nf6+ Kh8 38. Ng4 Bg7 39. c4 Rc7 40. c5 Qb5 41. Rc4 Rd5 42. Ne3 Rd3 43. Qe2 Rb3 44. Nc2 a5 45. bxa5 Rxc5 46. Re4 Qxe2+ 47. Rxe2 Rxa5 48. Ne3 Raa3 49. Nc4 Rc3 50. Rec2 Rxc2+ 51. Rxc2 Rc3 52. Rxc3 Bxc3 53. g4 Kg7 54. Kg3 e5 55. Ne3 Be1+ 56. Kg2 Bd2 57. Nc4 Bf4 58. h3 f5 59. Nb6 Bd2 60. Nc4 Bc3 61. Ne3 fxg4 62. hxg4 Bd4 63. Nf1 h5 64. gxh5 gxh5 65. Ng3 Kg6 66. Ne2 Kf5 67. f4 exf4 68. Nxd4+ Kg4 69. Kh2 h4 70. Kg2 h3+ 71. Kh2 Kh4 72. Nf3+ Kg4 73. Ng1 f3 74. Nxf3 Kxf3 75. Kxh3 1/2-1/2

[Event "NOR-ch Various 2019"]
[Site "Larvik"]
[Date "2019.07.06"]
[Round "1.7"]
[White "Lie, Gunnar"]
[Black "Gaure, Sigurd Lauvas"]
[Result "1/2-1/2"]
[ECO "C50"]
[WhiteElo "1788"]
[BlackElo "1657"]
[Annotator "NA"]
[PlyCount "81"]
[EventDate "2019.07.06"]
[EventType "swiss"]
[EventCountry "NOR"]
[SourceTitle "playchess.com"]
[Source "ChessBase"]
[SourceQuality "1"]
[TimeControl "40/5400+30:1800+30"]

1. d4 g6 2. e4 Bg7 3. Nc3 d6 4. Bc4 Nc6 5. Be3 Nf6 6. f3 O-O 7. Qd2 e5 8. Nge2 exd4 9. Nxd4 Nxd4 10. Bxd4 Be6 11. Bb3 Qe7 12. Be3 c6 13. O-O Bxb3 14. axb3 d5 15. Bg5 Qc5+ 16. Be3 Qe7 17. Bg5 Qc5+ 18. Qf2 d4 19. Bd2 Qd6 20. Ne2 d3 21. Bf4 Qd7 22. Rfd1 Nh5 23. Rxd3 Qe6 24. Rxa7 Bxb2 25. Bc1 Bxc1 26. Nxc1 Nf4 27. Rd1 Rfd8 28. Rxa8 Rxa8 29. Qd4 h5 30. Kf2 Qe7 31. g3 Ne6 32. Qe5 b6 33. Nd3 Ra2 34. Rd2 b5 35. f4 Qa7+ 36. Kg2 Qe3 37. Rf2 Nd4 38. Qe8+ Kg7 39. Qe5+ Kg8 40. Qe8+ Kg7 41. Qe5+ 1/2-1/2

[Event "NOR-ch Various 2019"]
[Site "Larvik"]
[Date "2019.07.06"]
[Round "1.8"]
[White "Stai, Sondre"]
[Black "Pettersen, Joran Sten"]
[Result "0-1"]
[ECO "C03"]
[WhiteElo "1657"]
[BlackElo "1785"]
[Annotator "NA"]
[PlyCount "94"]
[EventDate "2019.07.06"]
[EventType "swiss"]
[EventCountry "NOR"]
[SourceTitle "playchess.com"]
[Source "ChessBase"]
[SourceQuality "1"]
[TimeControl "40/5400+30:1800+30"]

1. e4 e6 2. d4 d5 3. Nd2 Be7 4. Ngf3 Nf6 5. e5 Nfd7 6. Bd3 c5 7. c3 b6 8. Qe2 a5 9. Nf1 Ba6 10. Ng3 Bxd3 11. Qxd3 Nc6 12. Bd2 Rc8 13. a3 O-O 14. h4 cxd4 15. cxd4 f6 16. exf6 Nxf6 17. O-O h6 18. Rae1 Qd7 19. Qg6 Kh8 20. Re2 Bd6 21. Rfe1 Nd8 22. Ne5 Bxe5 23. Rxe5 Qf7 24. Qxf7 Rxf7 25. f3 Rc4 26. Bc3 Nd7 27. R5e2 Nf8 28. h5 Kg8 29. Re3 Rfc7 30. Ne2 Kf7 31. Nf4 Ra7 32. Nd3 Nd7 33. Nf4 Nf8 34. Nd3 Nd7 35. Nf4 Rc6 36. g4 b5 37. R1e2 Nb6 38. Nd3 Nc4 39. Ne5+ Nxe5 40. Rxe5 Rc4 41. R5e3 b4 42. Be1 Rxd4 43. Bh4 Rd1+ 44. Kg2 d4 45. Re4 d3 46. Bxd8 dxe2 47. Rxe2 Rxd8 0-1

[Event "NOR-ch Various 2019"]
[Site "Larvik"]
[Date "2019.07.06"]
[Round "1.9"]
[White "Storli, Frode"]
[Black "Ringstad, Age"]
[Result "1/2-1/2"]
[ECO "D02"]
[WhiteElo "1598"]
[BlackElo "1486"]
[Annotator "NA"]
[PlyCount "103"]
[EventDate "2019.07.06"]
[EventType "swiss"]
[EventCountry "NOR"]
[SourceTitle "playchess.com"]
[Source "ChessBase"]
[SourceQuality "1"]
[TimeControl "40/5400+30:1800+30"]

1. d4 d5 2. Bf4 e6 3. e3 Bd6 4. Bg3 Nf6 5. Nf3 Nc6 6. c3 h6 7. Nbd2 Ne4 8. Nxe4 dxe4 9. Nd2 f5 10. Qh5+ Kd7 11. Qg6 Qg5 12. Qxg5 hxg5 13. O-O-O a6 14. Bxd6 cxd6 15. Nc4 Kc7 16. d5 Ne5 17. Nxe5 dxe5 18. Bc4 b5 19. Bb3 exd5 20. Bxd5 Ra7 21. h3 Bb7 22. Be6 Bc8 23. Bxc8 Kxc8 24. Rd5 Re8 25. Rhd1 Rc7 26. Kb1 Rc6 27. Rd7 g6 28. R1d6 Re6 29. Rd8+ Kc7 30. R6d7+ Kb6 31. Rb8+ Kc5 32. Kc2 Red6 33. Rxd6 Rxd6 34. Rc8+ Kd5 35. b3 f4 36. c4+ bxc4 37. bxc4+ Ke6 38. Re8+ Kf6 39. Rc8 Ke7 40. Rc5 Re6 41. Rd5 Kf6 42. g4 Ke7 43. c5 Kf6 44. Rd6 Rxd6 45. cxd6 Ke6 46. d7 Kxd7 47. Kc3 Kd6 48. Kc4 Kc6 49. a4 a5 50. Kc3 Kc5 51. Kb3 Kd5 52. Kc3 1/2-1/2

[Event "NOR-ch Various 2019"]
[Site "Larvik"]
[Date "2019.07.06"]
[Round "1.10"]
[White "Stette, Harald Peter"]
[Black "Odegaard, Karl Eirik"]
[Result "1/2-1/2"]
[ECO "D52"]
[WhiteElo "1486"]
[BlackElo "1591"]
[Annotator "NA"]
[PlyCount "53"]
[EventDate "2019.07.06"]
[EventType "swiss"]
[EventCountry "NOR"]
[SourceTitle "playchess.com"]
[Source "ChessBase"]
[SourceQuality "1"]
[TimeControl "40/5400+30:1800+30"]

1. d4 d5 2. c4 e6 3. Nc3 Nf6 4. Bg5 c6 5. Nf3 Nbd7 6. e3 Qa5 7. Nd2 Bb4 8. Qc2 Ne4 9. Ndxe4 dxe4 10. Bf4 O-O 11. Be2 e5 12. Bg3 f5 13. O-O Be7 14. dxe5 Nxe5 15. a3 Be6 16. b4 Qc7 17. Rfd1 Bf6 18. Na4 Qe7 19. Rac1 Rad8 20. Rxd8 Rxd8 21. Bxe5 Bxe5 22. c5 Bd5 23. Rd1 Kf8 24. Nb2 Bxb2 25. Qxb2 Kf7 26. Qd4 Qf6 27. Qxf6+ 1/2-1/2

[Event "NOR-ch Various 2019"]
[Site "Larvik"]
[Date "2019.07.06"]
[Round "1.11"]
[White "Skretteberg, Martin"]
[Black "Marthinussen, Viktor"]
[Result "1-0"]
[ECO "C41"]
[WhiteElo "1397"]
[BlackElo "1301"]
[Annotator "NA"]
[PlyCount "107"]
[EventDate "2019.07.06"]
[EventType "swiss"]
[EventCountry "NOR"]
[SourceTitle "playchess.com"]
[Source "ChessBase"]
[SourceQuality "1"]
[TimeControl "40/5400+30:1800+30"]

1. e4 e5 2. Nf3 d6 3. Be2 Bg4 4. Nc3 Bxf3 5. Bxf3 c6 6. O-O g6 7. d4 Bg7 8. d5 c5 9. Qd3 Ne7 10. Qb5+ Qd7 11. Be2 Nc8 12. Qxd7+ Nxd7 13. Bb5 a6 14. Bxd7+ Kxd7 15. a4 b6 16. Ne2 Rf8 17. Ra3 f5 18. f3 Ne7 19. Bg5 h6 20. Bxe7 Kxe7 21. Raa1 h5 22. c3 Bh6 23. exf5 Rxf5 24. Ng3 Rf4 25. Ne4 Raf8 26. b4 c4 27. b5 a5 28. Ra2 g5 29. h3 g4 30. hxg4 hxg4 31. Raf2 g3 32. Nxg3 Rh4 33. Re2 Bf4 34. Kf2 Kf6 35. Ne4+ Ke7 36. g3 Rh2+ 37. Ke1 Rxe2+ 38. Kxe2 Bh6 39. Rh1 Rh8 40. g4 Bg7 41. Rxh8 Bxh8 42. Kf2 Bg7 43. Kg3 Bh6 44. g5 Bg7 45. Kg4 Bf8 46. Kf5 Kf7 47. g6+ Kg7 48. Ng5 Be7 49. Ne6+ Kg8 50. Nc7 Kf8 51. Ke6 Bg5 52. Na8 Bd2 53. Nxb6 Bxc3 54. Nxc4 1-0

[Event "NOR-ch Various 2019"]
[Site "Larvik"]
[Date "2019.07.06"]
[Round "1.12"]
[White "Vestby, Anniken"]
[Black "Skaansar, Lasse"]
[Result "0-1"]
[ECO "B12"]
[WhiteElo "1301"]
[BlackElo "1394"]
[Annotator "NA"]
[PlyCount "108"]
[EventDate "2019.07.06"]
[EventType "swiss"]
[EventCountry "NOR"]
[SourceTitle "playchess.com"]
[Source "ChessBase"]
[SourceQuality "1"]
[TimeControl "40/5400+30:1800+30"]

1. e4 c6 2. d4 d5 3. e5 c5 4. Nf3 cxd4 5. Nxd4 g6 6. Nc3 a6 7. Bd3 Bg7 8. Nf3 Bg4 9. Bf4 Nc6 10. Be2 Bxf3 11. Bxf3 e6 12. O-O Qc7 13. Re1 Nge7 14. Rc1 Nxe5 15. a3 Nxf3+ 16. Qxf3 Qa5 17. Rb1 O-O 18. Bd6 Bxc3 19. Qxc3 Qd8 20. Be5 Rc8 21. Qd2 f6 22. Bd4 e5 23. Bc3 Nc6 24. b4 d4 25. Bb2 Ne7 26. Qd3 Nd5 27. Rbc1 Nc3 28. f3 Qd5 29. Ra1 Qc6 30. Rec1 Qb6 31. Kf1 a5 32. Bxc3 Rxc3 33. Qd2 axb4 34. axb4 Qxb4 35. Rab1 Qc4+ 36. Kf2 b5 37. Ra1 Rc8 38. Kg3 Rxc2 39. Rxc2 Qxc2 40. Qxc2 Rxc2 41. Ra8+ Kf7 42. Ra6 b4 43. Rb6 Rb2 44. Rb7+ Kg8 45. h4 d3 46. Rd7 d2 47. Kg4 d1=Q 48. Rxd1 Rxg2+ 49. Kh3 Rb2 50. Rd7 b3 51. Rb7 Rb1 52. Kg2 b2 53. Kf2 Rh1 54. Rxb2 Rh2+ 0-1

[Event "NOR-ch Various 2019"]
[Site "Larvik"]
[Date "2019.07.06"]
[Round "1.15"]
[White "Fossan, Petter"]
[Black "Wiig, Ole Martin"]
[Result "1-0"]
[ECO "B50"]
[WhiteElo "2295"]
[BlackElo "1816"]
[Annotator "NA"]
[PlyCount "53"]
[EventDate "2019.07.06"]
[EventType "swiss"]
[EventCountry "NOR"]
[SourceTitle "playchess.com"]
[Source "ChessBase"]
[SourceQuality "1"]
[TimeControl "40/5400+30:1800+30"]

1. e4 c5 2. Nf3 Nc6 3. c3 d6 4. d4 Nf6 5. Be2 cxd4 6. cxd4 e6 7. Nc3 a6 8. O-O Be7 9. h3 O-O 10. a3 b6 11. Bd3 Qc7 12. Be3 Bb7 13. Rc1 Qb8 14. Re1 Nd7 15. Bb1 Bd8 16. Qc2 g6 17. Ba2 Re8 18. d5 Nce5 19. Nd4 exd5 20. Nxd5 Nc5 21. Rcd1 Ne6 22. f4 Nxd4 23. Bxd4 Nd7 24. Qb3 Nc5 25. Bxc5 bxc5 26. Nf6+ Bxf6 27. Qxf7+ 1-0

[Event "NOR-ch Various 2019"]
[Site "Larvik"]
[Date "2019.07.06"]
[Round "1.17"]
[White "Opseth, Oliver"]
[Black "Heier, Odin Nikolai"]
[Result "1/2-1/2"]
[ECO "C31"]
[WhiteElo "1714"]
[BlackElo "1863"]
[Annotator "NA RC"]
[PlyCount "113"]
[EventDate "2019.07.06"]
[EventType "swiss"]
[EventCountry "NOR"]
[SourceTitle "playchess.com"]
[Source "ChessBase"]
[SourceQuality "1"]
[TimeControl "40/5400+30:1800+30"]

1. e4 e5 2. f4 d5 3. Nf3 dxe4 4. Nxe5 Nd7 5. d4 exd3 6. Bxd3 Ngf6 7. Qe2 Be7 8. Nc3 O-O 9. Be3 c6 10. O-O-O Qc7 11. Nxd7 Bxd7 12. g4 Bxg4 13. Qg2 Bxd1 14. Rxd1 Bd6 15. Rg1 g6 16. Qg5 Nd5 17. Nxd5 cxd5 18. f5 Be5 19. h4 Qd8 20. Qg4 Bg7 21. h5 Qd6 22. Qh3 Rae8 23. hxg6 fxg6 24. fxg6 h6 25. Kd1 Qf6 26. Rf1 Qxb2 27. Rxf8+ Rxf8 28. Qe6+ Kh8 29. Qxd5 Qa1+ 30. Bc1 Bb2 31. g7+ Bxg7 32. Qe4 Kg8 33. Qh7+ Kf7 34. Qe4 Kg8 35. Qh7+ Kf7 36. Bc4+ Kf6 37. Qd3 Qe5 38. Qf3+ Ke7 39. Qxb7+ Kd8 40. Qa8+ Kc7 41. Qxa7+ Kd8 42. Qb6+ Qc7 43. Qb3 Qd7+ 44. Ke1 Qe7+ 45. Be3 Qh4+ 46. Kd2 Qh2+ 47. Be2 Qd6+ 48. Kc1 Rf6 49. a4 Re6 50. Bg4 Rf6 51. Be2 Re6 52. Bg4 Rf6 53. Qc4 Qa3+ 54. Kd2 Qd6+ 55. Kc1 Qa3+ 56. Kd2 Qd6+ 57. Kc1 1/2-1/2

[Event "NOR-ch Various 2019"]
[Site "Larvik"]
[Date "2019.07.06"]
[Round "1.18"]
[White "Nordquelle, Daniel"]
[Black "Sebastian, Andreas"]
[Result "0-1"]
[ECO "B07"]
[WhiteElo "2181"]
[BlackElo "1911"]
[Annotator "NA"]
[PlyCount "66"]
[EventDate "2019.07.06"]
[EventType "swiss"]
[EventCountry "NOR"]
[SourceTitle "playchess.com"]
[Source "ChessBase"]
[SourceQuality "1"]
[TimeControl "40/5400+30:1800+30"]

1. e4 d6 2. d4 Nf6 3. Bd3 e5 4. c3 d5 5. dxe5 Nxe4 6. Be3 Nc6 7. f4 Bc5 8. Bxc5 Nxc5 9. Bb5 O-O 10. Nf3 Bf5 11. O-O a6 12. Bxc6 bxc6 13. Nd4 Qd7 14. Qh5 Bg4 15. Qh4 f6 16. b4 Ne4 17. h3 fxe5 18. fxe5 Rxf1+ 19. Kxf1 Rf8+ 20. Kg1 Qf7 21. Nd2 Nxd2 22. hxg4 Qf4 23. Re1 g5 24. Qh6 Qf2+ 25. Kh2 Qxe1 26. Qxg5+ Kh8 27. Qe7 Nf1+ 28. Kh1 Ne3+ 29. Kh2 Nxg4+ 30. Kh3 Nf2+ 31. Kg3 Ne4+ 32. Kh2 Qg3+ 33. Kg1 Rf1+ 0-1

[Event "NOR-ch Various 2019"]
[Site "Larvik"]
[Date "2019.07.06"]
[Round "1.19"]
[White "Bruaset, Eivind"]
[Black "Kizatbay, Abyl"]
[Result "0-1"]
[ECO "B90"]
[WhiteElo "2074"]
[BlackElo "2216"]
[Annotator "NA"]
[PlyCount "82"]
[EventDate "2019.07.06"]
[EventType "swiss"]
[EventCountry "NOR"]
[SourceTitle "playchess.com"]
[Source "ChessBase"]
[SourceQuality "1"]
[TimeControl "40/5400+30:1800+30"]

1. e4 c5 2. Nf3 d6 3. d4 cxd4 4. Nxd4 Nf6 5. Nc3 a6 6. h3 e5 7. Nde2 h5 8. Bg5 Be6 9. g3 Nbd7 10. Bg2 Be7 11. O-O Rc8 12. Qd2 O-O 13. Rfe1 Qc7 14. Rac1 b5 15. Nd1 Nb6 16. b3 Rfd8 17. Bxf6 Bxf6 18. Ne3 Bg5 19. f4 Bh6 20. Red1 h4 21. Ng4 Qc5+ 22. Kh1 Bxg4 23. hxg4 hxg3 24. b4 Qf2 25. g5 exf4 26. Rf1 Nc4 27. Qd1 Qxg2+ 28. Kxg2 Ne3+ 29. Kf3 Nxd1 30. gxh6 Ne3 31. Rg1 Nxc2 32. Kxf4 Nxb4 33. Rxg3 g6 34. Rh1 Nxa2 35. Kg5 Re8 36. Nf4 Rxe4 37. h7+ Kh8 38. Rh4 Rc5+ 39. Kh6 Rxf4 40. Rh2 Rff5 41. Rgh3 Rh5+ 0-1

[Event "NOR-ch Various 2019"]
[Site "Larvik"]
[Date "2019.07.06"]
[Round "1.20"]
[White "Kjaras, Alf Marius"]
[Black "Melaa, Sondre"]
[Result "1-0"]
[ECO "D02"]
[WhiteElo "1860"]
[BlackElo "2118"]
[Annotator "NA"]
[PlyCount "59"]
[EventDate "2019.07.06"]
[EventType "swiss"]
[EventCountry "NOR"]
[SourceTitle "playchess.com"]
[Source "ChessBase"]
[SourceQuality "1"]
[TimeControl "40/5400+30:1800+30"]

1. d4 d5 2. Bf4 Nf6 3. e3 e6 4. Nf3 Bd6 5. Bg3 O-O 6. Bd3 b6 7. Qe2 Bb7 8. c3 c5 9. Nbd2 Ne4 10. Bxe4 dxe4 11. Ne5 Bxe5 12. dxe5 Qd3 13. Qh5 Rd8 14. O-O-O Rf8 15. Bh4 h6 16. g4 Bd5 17. Bf6 Nc6 18. g5 Nb4 19. cxb4 cxb4 20. Nc4 Qxc4+ 21. Kd2 b3 22. gxh6 Qb4+ 23. Kc1 Rfc8+ 24. Kb1 bxa2+ 25. Ka1 gxf6 26. Rhg1+ Kf8 27. Rg7 Rc7 28. Rdg1 Qd2 29. Rg8+ Ke7 30. Qxf7+ 1-0

[Event "NOR-ch Various 2019"]
[Site "Larvik"]
[Date "2019.07.06"]
[Round "1.21"]
[White "Nielsen, Andre"]
[Black "Sjoberg, Isak"]
[Result "0-1"]
[ECO "C88"]
[WhiteElo "2229"]
[BlackElo "2182"]
[Annotator "NA RC"]
[PlyCount "114"]
[EventDate "2019.07.06"]
[EventType "swiss"]
[EventCountry "NOR"]
[SourceTitle "playchess.com"]
[Source "ChessBase"]
[SourceQuality "1"]
[TimeControl "40/5400+30:1800+30"]

1. e4 e5 2. Nf3 Nc6 3. Bb5 a6 4. Ba4 Nf6 5. O-O Be7 6. Re1 b5 7. Bb3 O-O 8. d3 d6 9. Nc3 Bg4 10. Be3 Nd4 11. Bxd4 exd4 12. Nd5 Nd7 13. h3 Bxf3 14. Qxf3 c6 15. Nf4 Rb8 16. g3 a5 17. a3 a4 18. Ba2 b4 19. b3 axb3 20. Bxb3 bxa3 21. Rxa3 Nc5 22. Ne2 Nxb3 23. Rxb3 Rxb3 24. cxb3 Bf6 25. Rc1 Qb6 26. Kg2 Qb5 27. h4 Rc8 28. Nf4 g6 29. h5 Bg5 30. hxg6 hxg6 31. Qg4 Rb8 32. Rh1 Bxf4 33. Qxf4 Qxd3 34. Rh4 Rb5 35. Qxd6 Rh5 36. Rxh5 Qxe4+ 37. f3 Qe2+ 38. Kh3 Qf1+ 39. Kh2 Qf2+ 40. Kh3 Qf1+ 41. Kh2 Qe2+ 42. Kg1 Qe3+ 43. Kg2 gxh5 44. Qxc6 d3 45. Qc8+ Kg7 46. Qc3+ f6 47. Qc7+ Kg6 48. f4 Qe4+ 49. Kh2 d2 50. Qd8 Qe2+ 51. Kh3 Qf1+ 52. Kh2 d1=Q 53. Qg8+ Kf5 54. Qh7+ Kg4 55. Qg6+ Kf3 56. Qxh5+ Ke3 57. Qc5+ Qd4 0-1

[Event "NOR-ch Various 2019"]
[Site "Larvik"]
[Date "2019.07.06"]
[Round "1.22"]
[White "Tunsjo, Axel"]
[Black "Engedal, Jo Fronsdal"]
[Result "1-0"]
[ECO "B01"]
[WhiteElo "2039"]
[BlackElo "1483"]
[Annotator "NA"]
[PlyCount "101"]
[EventDate "2019.07.06"]
[EventType "swiss"]
[EventCountry "NOR"]
[SourceTitle "playchess.com"]
[Source "ChessBase"]
[SourceQuality "1"]
[TimeControl "40/5400+30:1800+30"]

1. e4 d5 2. exd5 Qxd5 3. Nc3 Qa5 4. d4 c6 5. Nf3 Nf6 6. Bc4 Bf5 7. O-O e6 8. Bf4 Nd5 9. Bd2 Bb4 10. Nxd5 cxd5 11. Bxd5 Qxd5 12. Bxb4 Nc6 13. Ba3 Be4 14. c3 g5 15. Ne1 O-O-O 16. Nc2 Bxg2 17. Ne3 Bf3 18. Nxd5 Bxd1 19. Ne7+ Nxe7 20. Bxe7 Be2 21. Bxd8 Bxf1 22. Bf6 Rg8 23. Kxf1 Kd7 24. Rd1 h5 25. d5 Rg6 26. dxe6+ Kxe6 27. Bd4 Kf5 28. Be3 Kg4 29. Kg2 h4 30. h3+ Kh5 31. Bxa7 Ra6 32. Bc5 Rxa2 33. Ba3 Kg6 34. Kf3 Kf6 35. Ke4 Ke6 36. Rd6+ Ke7 37. Rd1+ Ke6 38. Rg1 f5+ 39. Kd4 g4 40. hxg4 fxg4 41. Rxg4 Ra1 42. Rxh4 Rf1 43. Rh7 Rxf2 44. Re7+ Kf6 45. Rxb7 Rd2+ 46. Kc5 Ke6 47. c4 Rd8 48. Kb6 Ra8 49. c5 Rc8 50. c6 Kd5 51. c7 1-0

[Event "NOR-ch Various 2019"]
[Site "Larvik"]
[Date "2019.07.06"]
[Round "1.23"]
[White "Lovasen, Viktor Nygaard"]
[Black "Valvag, Torbjorn"]
[Result "1/2-1/2"]
[ECO "D04"]
[WhiteElo "1451"]
[BlackElo "1912"]
[Annotator "NA"]
[PlyCount "121"]
[EventDate "2019.07.06"]
[EventType "swiss"]
[EventCountry "NOR"]
[SourceTitle "playchess.com"]
[Source "ChessBase"]
[SourceQuality "1"]
[TimeControl "40/5400+30:1800+30"]

1. d4 d5 2. Nf3 Nf6 3. e3 Bf5 4. Bd3 Bg6 5. O-O e6 6. b3 Bd6 7. c4 c6 8. Ba3 Bxa3 9. Nxa3 Ne4 10. Ne5 Nd7 11. Nxg6 hxg6 12. Bxe4 dxe4 13. c5 Qh4 14. h3 f5 15. Qe1 g5 16. f3 Qxe1 17. Raxe1 exf3 18. Rxf3 Nf6 19. Nc4 Ne4 20. Nd6+ Nxd6 21. cxd6 Rh4 22. Rg3 Rd8 23. Rxg5 Kf7 24. Rg3 Rxd6 25. Rf3 Re4 26. Kf2 Rd5 27. g4 Kf6 28. gxf5 exf5 29. Rc1 g5 30. Rc4 Kg6 31. b4 f4 32. a3 fxe3+ 33. Rxe3 Rexd4 34. Rxd4 Rxd4 35. Re7 Rf4+ 36. Ke2 Rf7 37. Re5 Kf6 38. Rc5 Re7+ 39. Kf3 Re5 40. Rc4 Kf5 41. h4 Rd5 42. Ke3 Re5+ 43. Kf3 a5 44. hxg5 Kxg5 45. a4 Kf5 46. bxa5 Rxa5 47. Rb4 Ra7 48. Ke3 Ke5 49. Kd3 c5 50. Rb5 Kd5 51. a5 Ra6 52. Kc3 Rh6 53. Rxb7 Rh3+ 54. Kd2 Ra3 55. Ra7 Kc4 56. a6 Ra2+ 57. Ke3 Kc3 58. Ra8 c4 59. a7 Ra3 60. Ke2 Ra2+ 61. Ke3 1/2-1/2